 Dungeon Crawl Stone Soup version 0.18.1-48-g4cf74bf (webtiles) character file.

1185 PossumBlood the Fighter (level 8, -1/68 HPs)
             Began as a Formicid Fighter on Aug 22, 2016.
             Was a Believer of Okawaru.
             Slain by an orc warrior
             ... wielding a +0 trident
              (9 damage)
             ... on level 6 of the Dungeon.
             The game lasted 00:09:00 (4953 turns).

PossumBlood the Fighter (Formicid Fighter)          Turns: 4953, Time: 00:09:01

Health: -1/68      AC: 14    Str: 24    XL:     8   Next: 70%
Magic:  8/8        EV:  6    Int:  7    God:    Okawaru [**....]
Gold:   93         SH: 10    Dex: 10    Spells: 0 memorised, 7 levels left

rFire  + . .     SeeInvis +     a - +1 war axe
rCold  x . .     Gourm    .     p - +0 chain mail (curse)
rNeg   . . .     Faith    .     c - +1 shield
rPois  .         Spirit   .     (helmet unavailable)
rElec  .         Dismiss  .     l - +2 cloak
rCorr  .         Reflect  .     r - +0 pair of gloves
SustAt .         Harm     .     (no boots)
MR     .....                    (no amulet)
Stlth  ..........               n - ring of fire
                                i - ring of flight

@: not resistant to hostile enchantments, extremely unstealthy
A: permanent stasis, dig shafts and tunnels, four strong arms, antennae 3
a: Dig, Shaft Self, Heroism, Renounce Religion, Evoke Flight


You were on level 6 of the Dungeon.
You worshipped Okawaru.
Okawaru was pleased with you.
You were not hungry.

You visited 1 branch of the dungeon, and saw 6 of its levels.

You collected 177 gold pieces.
You spent 84 gold pieces at shops.

Inventory:

Hand Weapons
 a - a +1 war axe (weapon)
 w - a +0 spear of flaming
Missiles
 q - 3 tomahawks (quivered)
Armour
 b - a +0 scale mail
 c - a +1 shield (worn)
 d - a +2 scale mail of poison resistance
 l - a +2 cloak (worn)
 p - a cursed +0 chain mail (worn)
 r - a +0 pair of gloves (worn)
Jewellery
 i - a ring of flight (left hand)
 n - a ring of fire (right hand)
 v - an uncursed ring of ice
Wands
 j - a wand of disintegration (8/24)
 m - a wand of flame (27/48)
Scrolls
 e - a scroll of enchant armour
 h - a scroll of identify
 k - a scroll of recharging
Potions
 g - a potion of mutation {unknown}
 o - a potion of magic
Comestibles
 s - 2 meat rations
 x - a beef jerky


   Skills:
 * Level 8.2 Fighting
 + Level 5.3 Axes
 + Level 6.3 Armour
 - Level 3.6 Shields


You had 7 spell levels left.
You didn't know any spells.

Dungeon Overview and Level Annotations

Branches:
Dungeon (6/15)             Temple (0/1) D:4

Altars:
Elyvilon
Okawaru
Ru

Shops:
D:4 *   D:5 [


Innate Abilities, Weirdness & Mutations

You are under a permanent stasis effect.
You can dig through walls and to a lower floor.
Your four strong arms can wield two-handed weapons with a shield.
You have a pair of large antennae on your head (SInv).


Message History

The orc warrior is moderately wounded.
The orc warrior completely misses you.
You hit the orc warrior but do no damage.
The orc warrior is moderately wounded.
The orc warrior hits you but does no damage.
You closely miss the orc warrior.
The orc warrior is moderately wounded.
You block the orc warrior's attack.
You hit the orc warrior.
The orc warrior is moderately wounded.
The orc warrior hits you but does no damage.
You slash the orc warrior!
The orc warrior is almost dead.
The orc warrior hits you with a trident.
* * * LOW HITPOINT WARNING * * *
You block the orc warrior's attack.
You hit the orc warrior but do no damage.
The orc warrior is almost dead.
The orc warrior hits you with a trident!
You die...

##+## ##...##
##.....##
##.......##
#.....>...#
+.........+
#.........#
#.......#
##.)@o.## ###
##.).## ..# ##'##
#.# #.####### #.#
#........ #.#
##..###### #<#
####......... #.#
#..........##
##.###.##....#..#


You could see an orc warrior.

Vanquished Creatures
  The ghost of Gargoyl the Skirmisher, an amateur DsAK of Lugonu (D:5)
  A sky beast (D:3)
  3 ogres
  2 centaurs
  A hound (D:5)
  A giant frog skeleton (D:4)
  2 iguanas (D:4)
  4 worker ants
  3 orc wizards
  A hound skeleton (D:5)
  4 gnolls (D:5)
  6 adders
  An adder skeleton (D:4)
  3 dart slugs
  4 giant geckos
  6 orcs
  3 bats (D:1)
  7 giant cockroaches
  8 goblins
  7 hobgoblins
  3 jackals
  6 kobolds
  3 quokkas
  3 ball pythons
  3 giant newts
  14 rats
100 creatures vanquished.

Notes
Turn   | Place    | Note
--------------------------------------------------------------
     0 | D:1      | PossumBlood the Formicid Fighter began the quest for the Orb.
     0 | D:1      | Reached XP level 1. HP: 18/18 MP: 1/1
   113 | D:1      | Reached XP level 2. HP: 25/25 MP: 2/2
   334 | D:1      | Reached skill level 4 in Fighting
   334 | D:1      | Reached XP level 3. HP: 28/30 MP: 3/3
   815 | D:2      | Found a faded altar to an unknown god.
  1163 | D:2      | Reached XP level 4. HP: 37/37 MP: 4/4
  1739 | D:3      | Noticed a sky beast
  1759 | D:3      | Killed a sky beast
  1759 | D:3      | Reached skill level 5 in Fighting
  1759 | D:3      | Reached XP level 5. HP: 30/44 MP: 5/5
  1872 | D:3      | Found a sacrificial altar of Ru.
  1929 | D:3      | Found an iron altar of Okawaru.
  1948 | D:3      | Became a worshipper of Warmaster Okawaru
  2328 | D:4      | Noticed an ogre
  2338 | D:4      | Killed an ogre
  2338 | D:4      | Reached XP level 6. HP: 5/52 MP: 6/6
  2635 | D:4      | Found Foahifed's Assorted Antiques.
  2635 | D:4      | Noticed an ogre
  2643 | D:4      | Killed an ogre
  2796 | D:4      | Bought a scroll labeled TET AD QUXTA for 21 gold pieces
  2796 | D:4      | Bought a scroll labeled CEERPH MEOMO for 21 gold pieces
  2796 | D:4      | Bought a scroll labeled PYH OCZAMESCH for 21 gold pieces
  2796 | D:4      | Bought a scroll labeled WAVYOM GEEF for 21 gold pieces
  2844 | D:4      | Found a staircase to the Ecumenical Temple.
  2881 | D:4      | Reached skill level 6 in Fighting
  2881 | D:4      | Reached XP level 7. HP: 55/58 MP: 7/7
  3014 | D:4      | Reached skill level 5 in Armour
  3267 | D:4      | Reached * piety under Okawaru
  3379 | D:4      | Found a white marble altar of Elyvilon.
  3794 | D:5      | Entered Level 5 of the Dungeon
  3878 | D:5      | Reached skill level 7 in Fighting
  3878 | D:5      | Reached XP level 8. HP: 61/67 MP: 8/8
  3893 | D:5      | Noticed Gargoyl's ghost (amateur DsAK)
  3916 | D:5      | Killed Gargoyl's ghost
  3916 | D:5      | Reached ** piety under Okawaru
  3916 | D:5      | Reached skill level 5 in Axes
  4181 | D:5      | Found Kippiuk's Antique Armour Boutique.
  4345 | D:5      | Reached skill level 8 in Fighting
  4953 | D:6      | Slain by an orc warrior

Skill      XL: |  1  2  3  4  5  6  7  8 |
---------------+-------------------------+-----
Fighting       | 4 5 6 7 8 |  8.2
Axes           | 3 4 5 |  5.3
Armour         | 4 5 6 |  6.3
Shields        | |  3.6

Action                   |  1- 3 |  4- 6 |  7- 9 || total
-------------------------+-------+-------+-------++-------
Melee: War axe           |   117 |    91 |   145 ||   353
  Use: Scroll            |       |     9 |     6 ||    15
       Potion            |       |     1 |     1 ||     2
  Eat: Bread ration      |     1 |     1 |     1 ||     3
       Royal jelly       |       |       |     1 ||     1
       Beef jerky        |       |       |     1 ||     1
Armor: Scale mail        |    54 |     5 |       ||    59
       Chain mail        |       |    35 |    78 ||   113
Dodge: Dodged            |    35 |    15 |    37 ||    87
Block: Shield            |    58 |    48 |    68 ||   174
